 Dungeon Crawl Stone Soup version 0.28.0 (webtiles) character file.

Game seed: 2210289726376253348

105 Descartes the Grasshopper (level 5, 0/37 (38) HPs)
             Began as a Formicid Warper on Feb 4, 2022.
             Succumbed to a goblin's poison
             ... on level 2 of the Dungeon.
             The game lasted 00:02:36 (1711 turns).

Descartes the Grasshopper (Formicid Warper)         Turns: 1711, Time: 00:02:37

HP:   0/37 (38)     AC:  5    Str: 18    XL:     5   Next: 8%
MP:   8/8           EV: 11    Int: 12    God:
Gold: 37            SH:  0    Dex: 10    Spells: 8/8 levels left

rFire   . . .      SeeInvis +   a - +0 hand axe
rCold   . . .      Faith    .   (no shield)
rNeg    . . .      Spirit   .   e - +0 ring mail
rPois   .          Reflect  .   (helmet unavailable)
rElec   .          Harm     .   (no cloak)
rCorr   .          Rampage  .   (no gloves)
Will    .....                   (no boots)
Stlth   ..........              (no amulet)
HPRegen 0.12/turn               (no ring)
MPRegen 0.11/turn               (no ring)

@: lethally poisoned (0 -> -26), lightly drained
A: permanent stasis, dig shafts and tunnels, antennae 3, four strong arms
a: Dig, Shaft Self


You were on level 2 of the Dungeon.
You visited 1 branch of the dungeon, and saw 2 of its levels.

You collected 37 gold pieces.

Inventory:

Hand Weapons
 a - a +0 hand axe (weapon)
Missiles
 c - 5 boomerangs of dispersal (quivered)
 d - 53 stones
Armour
 b - a +0 leather armour
 e - a +0 ring mail (worn)
Jewellery
 h - an amulet of magic regeneration
Wands
 k - a wand of polymorph (13)
Scrolls
 i - a scroll of immolation {unknown}
 j - a scroll of enchant weapon {unknown}
 l - a scroll of teleportation {unknown}
Potions
 f - a potion of berserk rage {unknown}
 g - 2 potions of curing {unknown}


   Skills:
 - Level 2.1 Fighting
 + Level 3.7 Axes
 - Level 1.0 Throwing
 - Level 1.1 Armour
 - Level 1.7 Dodging
 - Level 2.1 Spellcasting
 + Level 3.8 Translocations


You had 8 spell levels left.
You didn't know any spells.
Your spell library contained the following spells:

 Spells                   Type           Power      Damage    Failure   Level
 Gell's Gravitas          Tloc           10%        N/A       28%         3
 Lesser Beckoning         Tloc           10%        N/A       28%         3
 Teleport Other           Tloc           10%        N/A       28%         3
 Manifold Assault         Tloc           10%        N/A       95%         5
 Blink                    Tloc           Unusable   N/A       N/A         2

Dungeon Overview and Level Annotations

Branches:
Dungeon (2/15)

Altars:
Dithmenos
Okawaru


Innate Abilities, Weirdness & Mutations

You cannot be hasted, slowed, berserked, paralysed or teleported.
You can dig through walls and to a lower floor.
You have a pair of large antennae on your head. (SInv)
Your four strong arms can wield two-handed weapons with a shield.


Message History

You slash the goblin!
You kill the goblin!
You feel very sick.
A goblin comes into view. It is wielding a +0 dagger of venom.
You feel sick.
The goblin shouts!
You see here a +2 dagger of venom.
You feel sick.
You feel sick. The hobgoblin hits you.
You closely miss the hobgoblin.
You feel sick. The hobgoblin hits you.
You hit the hobgoblin.
The hobgoblin is severely wounded.
You feel sick. The hobgoblin hits you.
You are too injured to fight recklessly!
You are too injured to fight recklessly!
You are too injured to fight recklessly!
You are too injured to fight recklessly!
You are too injured to fight recklessly!
You are too injured to fight recklessly!
There are monsters nearby!
You hit the hobgoblin.
You kill the hobgoblin!
You feel sick.
You miss the goblin.
You feel sick.
You are no longer poisoned.
The goblin hits you but does no damage.
You are poisoned.
You miss the goblin.
You feel very sick. The goblin hits you but does no damage.
You are lethally poisoned!
You closely miss the goblin. Your punch misses the goblin.
* * * LOW HITPOINT WARNING * * *
You feel very sick.
The goblin hits you with a +0 dagger of venom.
* * * LOW HITPOINT WARNING * * *
You are more poisoned.
You slash the goblin!
You kill the goblin!
You die...

...................
#####....###.......
##.#.####......
#.......#.....
#.#.###.##... ####.#.#
#'# #......# #.# #.#
#.##.### #.# #)# #.##.#
###.###@## .
#.##.###........## .#
###.##.......#.)...#.##
.#..######.###.........
#)#.######.##......#.#.
###...........#)...##..
########.#...)...# #.#
#.†.###........
#.#.#$#.#.###.


There were no monsters in sight!

Vanquished Creatures
  Jessica (D:2)
  Robin (D:2)
  2 adders (D:2)
  A dart slug (D:1)
  3 bats
  2 endoplasms
  A giant cockroach (D:1)
  8 goblins
  6 hobgoblins
  2 jackals (D:1)
  3 quokkas
  3 ball pythons (D:1)
  3 frilled lizards
  9 kobolds
  4 rats
49 creatures vanquished.

Vanquished Creatures (others)
  2 fungi (D:1)
  A plant (D:1)
3 creatures vanquished.

Grand Total: 52 creatures vanquished

Notes
Turn   | Place    | Note
-------+----------+-------------------------------------------
     0 | D:1      | Descartes the Formicid Warper began the quest for the Orb.
     0 | D:1      | Reached XP level 1. HP: 16/16 MP: 3/3
   188 | D:1      | Reached XP level 2. HP: 15/22 MP: 5/5
   715 | D:1      | Reached XP level 3. HP: 23/27 MP: 6/6
   988 | D:1      | Found a faded altar of an unknown god.
   991 | D:1      | Prayed at the altar of an unknown god.
   991 | D:1      | Became a worshipper of Warmaster Okawaru
   991 | D:1      | Reached * piety under Okawaru
  1215 | D:1      | Fell from the grace of Okawaru
  1265 | D:2      | Noticed Jessica
  1274 | D:2      | Found a shadowy altar of Dithmenos.
  1287 | D:2      | Killed Jessica
  1288 | D:2      | Reached XP level 4. HP: 33/33 MP: 7/7
  1364 | D:2      | Noticed Robin
  1412 | D:2      | Killed Robin
  1642 | D:2      | Reached XP level 5. HP: 27/36 MP: 8/8
  1711 | D:2      | Succumbed to a goblin's poison

Illustrated notes

Levels and vault maps discovered:
D:1:      heliophobic_arrival_henge, layout_loops_ring,
          shapermc_ecumenical_altar_mp_urbaneastern
D:2:      layout_loops_corners, basic_altar, hangedman_feature_mirror,
          minmay_fractal_squares_5, uniq_jessica, uniq_terence, uniq_robin

Skill      XL: |  1  2  3 |
---------------+----------+-----
Translocations | 3 |  3.8
Axes           | 3 |  3.7
Fighting       | |  2.1
Throwing       | |  1.0
Armour         | |  1.1
Dodging        | |  1.7
Spellcasting   | |  2.1

Action                   |  1- 3 |  4- 6 || total
-------------------------+-------+-------++-------
Melee: Hand axe          |    96 |    62 ||   158
       Punch             |     2 |     2 ||     4
Invok: Renounce Religion |     1 |       ||     1
 Abil: Dig               |       |     1 ||     1
Armor: Ring mail         |    57 |    27 ||    84
       Leather armour    |     1 |       ||     1
Dodge: Dodged            |    73 |    25 ||    98
